 Dungeon Crawl Stone Soup version 0.28.0-53-g5a82cb258f (webtiles) character file.

Game seed: 14606760060026494214

1071321 KamiKatze the Axe Maniac (level 27, -5/199 HPs)
             Began as a Gargoyle Berserker on Aug 17, 2022.
             Was the Champion of the Shining One.
             Slain by a Tzitzimitl (11 damage)
             ... called by a doom hound
             ... while paralysed by a dread lich
             ... on level 3 of Tartarus on Aug 19, 2022.
             The game lasted 07:56:41 (93916 turns).

KamiKatze the Axe Maniac (Gargoyle Berserker)      Turns: 93916, Time: 07:56:41

Health: -5/199     AC: 59    Str: 31 (33) XL:     27
Magic:  40/40      EV:  2    Int: 12 (13) God:    the Shining One [******]
Gold:   9119       SH:  0    Dex: 14      Spells: 47/53 levels left

rFire   + + +      SeeInvis +   a - +9 executioner's axe (holy)
rCold   + + .      Faith    .   (shield currently unavailable)
rNeg    + + +      Spirit   .   u - +3 gold dragon scales
rPois   ∞          Reflect  .   p - +0 mask of the Dragon {Will+ Slay+3 SInv}
rElec   +          Harm     .   N - scarf {rC+ rF+}
rCorr   +          Rampage  .   w - +3 pair of gauntlets of War {Slay+5}
Will    ++...                   o - +2 pair of boots {Stlth+}
Stlth   ..........              F - amulet "Pustreco" {Acrobat Regen+ Stlth+}
HPRegen 1.23/turn               n - ring "Kiustatoaph" {rF+ Will+ Dex+7}
MPRegen 0.27/turn               Y - ring "Muleloy" {rElec rPois rCorr Int+5}

@: paralysed, doom-hounded, flying, slowed, glowing, studying Crossbows,
weak-willed
A: sickness immunity, AC +20, big wings, negative energy resistance 1,
electricity resistance, torment resistance 1, petrification resistance, horns 1,
large bone plates 1, clumsy 1, weak 1
}: 12/15 runes: barnacled, slimy, silver, iron, obsidian, abyssal, demonic,
glowing, magical, fiery, dark, gossamer
a: Renounce Religion, Divine Shield, Cleansing Flame, Summon Divine Warrior


You were on level 3 of Tartarus.
You worshipped the Shining One.
The Shining One was exalted by your worship.
You visited 16 branches of the dungeon, and saw 75 of its levels.
You visited Pandemonium 1 time, and saw 13 of its levels.
You visited the Abyss 1 time.
You visited 1 bazaar.
You also visited: Sewer, Gauntlet and Ice Cave.

You collected 16189 gold pieces.
You spent 7070 gold pieces at shops.

Inventory:

Hand Weapons
 a - a +9 executioner's axe of holy wrath (weapon)
 b - the +9 heavy crossbow "Sniper" {vorpal, Acc+∞ SInv}
   (You found it on level 3 of the Crypt)

   Any ammunition fired from it inflicts extra damage upon your enemies.
   Any ammunition fired from it never misses its target.
   SInv:      It lets you see invisible.
 S - a +5 executioner's axe of draining
Missiles
 d - 91 stones
 r - 8 throwing nets (quivered)
Armour
 o - a +2 pair of boots of stealth (worn)
 p - the +0 mask of the Dragon (worn) {Will+ Slay+3 SInv}
   (You found it on level 5 of the Vaults)

   Slay:      It affects your accuracy & damage with ranged weapons and melee
   (+3).
   SInv:      It lets you see invisible.
   Will:      It increases your willpower.
 u - +3 gold dragon scales (worn)
 w - the +3 pair of gauntlets of War (worn) {Slay+5}
   (You found it on level 3 of the Crypt)

   Slay:      It affects your accuracy & damage with ranged weapons and melee
   (+5).
 B - the +2 helmet of Honour {Int+3 Dex+3}
   (You found it on level 12 of the Dungeon)

   Int:       It affects your intelligence (+3).
   Dex:       It affects your dexterity (+3).
 N - a scarf of resistance (worn)
 W - the +2 cloak of Pamaog {Int+5 SInv Stlth-}
   (You found it in Pandemonium)

   Int:       It affects your intelligence (+5).
   SInv:      It lets you see invisible.
   Stlth:     It makes you less stealthy.
Jewellery
 l - an amulet of reflection
 n - the ring "Kiustatoaph" (left hand) {rF+ Will+ Dex+7}
   (You bought it in a shop on level 10 of the Dungeon)

   [ring of protection from fire]

   Dex:       It affects your dexterity (+7).
   rF:        It protects you from fire.
   Will:      It increases your willpower.
 v - the ring of Contentment {rC+ Will+ MP+9}
   (You took it off an ancient champion on level 2 of the Depths)

   [ring of willpower]

   rC:        It protects you from cold.
   MP:        It affects your magic capacity (+9).
   Will:      It increases your willpower.
 x - the ring "Ymuck" {rPois rF+++ Will- EV+4 Dex+7}
   (You found it in a Gauntlet)

   [ring of evasion]

   EV:        It affects your evasion (+4).
   Dex:       It affects your dexterity (+7).
   rF:        It renders you almost immune to fire.
   rPois:     It protects you from poison.
   Will:      It decreases your willpower.
 C - the ring "Noviutog" {rC+ Int+6}
   (You took it off a deep elf sorcerer on level 3 of the Elven Halls)

   [ring of intelligence]

   Int:       It affects your intelligence (+6).
   rC:        It protects you from cold.
 F - the amulet "Pustreco" (around neck) {Acrobat Regen+ Stlth+}
   (You bought it in a shop on level 3 of the Vaults)

   [amulet of the acrobat]

   It increases your evasion while moving and waiting.
   Regen:     It increases your rate of health regeneration.
   Stlth:     It makes you more stealthy.
 Y - the ring "Muleloy" (right hand) {rElec rPois rCorr Int+5}
   (You took it off a deep elf death mage on level 2 of the Depths)

   [ring of resist corrosion]

   Int:       It affects your intelligence (+5).
   rElec:     It insulates you from electricity.
   rPois:     It protects you from poison.
   rCorr:     It protects you from acid and corrosion.
Wands
 j - a wand of paralysis (28)
 q - a wand of mindburst (6)
 z - a wand of polymorph (31)
 D - a wand of flame (121)
 I - a wand of iceblast (58)
 O - a wand of charming (40)
 P - a wand of acid (22)
 Z - a wand of digging (23)
Scrolls
 c - 7 scrolls of blinking
 k - 27 scrolls of teleportation
 E - 9 scrolls of fog
 G - 6 scrolls of silence
 J - 3 scrolls of fear
 K - a scroll of holy word
 R - 5 scrolls of enchant weapon
 U - 5 scrolls of magic mapping
 X - 7 scrolls of summoning
Potions
 e - 10 potions of ambrosia
 f - 3 potions of mutation
 h - 4 potions of heal wounds
 i - 32 potions of curing
 m - 5 potions of brilliance
 s - 4 potions of resistance
 y - 9 potions of haste
 A - 4 potions of lignification
 H - 14 potions of attraction
 L - 2 potions of berserk rage
 Q - 5 potions of magic
 T - 2 potions of cancellation
 V - 19 potions of might
Miscellaneous
 g - a phial of floods
 t - a phantom mirror
 M - a tin of tremorstones (2/2)


   Skills:
 O Level 27 Fighting
 O Level 27 Axes
 - Level 2.0 Throwing
 O Level 27 Armour
 + Level 23.8 Dodging
 - Level 10.0 Stealth
 * Level 13.5 Spellcasting
 * Level 11.9 Translocations
 - Level 20.0 Invocations
 - Level 16.3 Evocations


You had 47 spell levels left.
You knew the following spells:

 Your Spells              Type           Power      Damage    Failure   Level
a - Apportation           Tloc           72%        N/A       1%          1
z - Manifold Assault      Tloc           36%        N/A       9%          5

Your spell library contained the following spells:

 Spells                   Type           Power      Damage    Failure   Level
 Blink                    Tloc           72%        N/A       1%          2
 Gell's Gravitas          Tloc           36%        N/A       1%          3
 Lesser Beckoning         Tloc           36%        N/A       1%          3
 Teleport Other           Tloc           36%        N/A       1%          3
 Portal Projectile        Hex/Tloc       44%        N/A       11%         3
 Iskenderun's Mystic Bla  Conj/Tloc      22%        2d6       34%         4
 Animate Skeleton         Necr           16%        N/A       38%         1
 Beastly Appendage        Tmut           16%        N/A       38%         1
 Magic Dart               Conj           32%        1d4       38%         1
 Pain                     Necr           32%        1d5       38%         1
 Sandblast                Erth           16%        2d6       38%         1
 Shock                    Conj/Air       32%        1d5       38%         1
 Sting                    Tmut/Pois      32%        1d4       38%         1
 Summon Small Mammal      Summ           32%        N/A       38%         1
 Dispersal                Tloc           18%        N/A       43%         6
 Call Imp                 Summ           8%         N/A       54%         2
 Corpse Rot               Necr/Air       16%        N/A       54%         2
 Ensorcelled Hibernation  Hex/Ice        16%        N/A       54%         2
 Passwall                 Tmut/Erth      6%         N/A       54%         2
 Poisonous Vapours        Pois/Air       16%        N/A       54%         2
 Searing Ray              Conj           16%        2d5       54%         2
 Wereblood                Tmut           8%         N/A       54%         2
 Summon Forest            Summ/Tloc      11%        N/A       69%         5
 Conjure Flame            Conj/Fire      8%         6-21      77%         3
 Dazzling Flash           Conj/Hex       16%        N/A       77%         3
 Mephitic Cloud           Conj/Pois/Air  8%         N/A       77%         3
 Ozocubu's Armour         Ice            8%         N/A       77%         3
 Spider Form              Tmut/Pois      8%         N/A       77%         3
 Summon Guardian Golem    Hex/Summ       8%         N/A       77%         3
 Swiftness                Air            8%         N/A       77%         3
 Tukima's Dance           Hex            8%         N/A       77%         3
 Airstrike                Air            4%         N/A       99%         4
 Anguish                  Hex/Necr       4%         N/A       99%         4
 Flame Wave               Conj/Fire      8%         2d5       99%         4
 Fulminant Prism          Conj/Hex       4%         3d6       99%         4
 Hailstorm                Conj/Ice       8%         3d4       99%         4
 Ice Form                 Ice/Tmut       8%         N/A       99%         4
 Olgreb's Toxic Radiance  Pois           8%         N/A       99%         4
 Petrify                  Tmut/Erth      8%         N/A       99%         4
 Sticky Flame             Conj/Fire      8%         2d3       99%         4
 Summon Ice Beast         Ice/Summ       8%         N/A       99%         4
 Summon Lightning Spire   Summ/Air       8%         N/A       99%         4
 Agony                    Necr           8%         N/A       100%        5
 Alistair's Intoxication  Tmut/Pois      5%         N/A       100%        5
 Borgnjor's Vile Clutch   Necr/Erth      4%         N/A       100%        5
 Excruciating Wounds      Necr           4%         N/A       100%        5
 Lee's Rapid Deconstruct  Erth           4%         3d6*      100%        5
 Lightning Bolt           Conj/Air       4%         1d15      100%        5
 Metabolic Englaciation   Hex/Ice        4%         N/A       100%        5
 Summon Mana Viper        Hex/Summ       8%         N/A       100%        5
 Yara's Violent Unravell  Hex/Tmut       4%         3d4       100%        5
 Eringya's Noxious Bog    Tmut/Pois      4%         N/A       100%        6
 Simulacrum               Ice/Necr       4%         N/A       100%        6
 Starburst                Conj/Fire      4%         6d3       100%        6
 Dragon Form              Tmut           4%         N/A       100%        7
 Enfeeble                 Hex            4%         N/A       100%        7
 Malign Gateway           Summ/Tloc      11%        N/A       100%        7
 Monstrous Menagerie      Summ           4%         N/A       100%        7
 Orb of Destruction       Conj           4%         9d5       100%        7
 Spellforged Servitor     Conj/Summ      4%         N/A       100%        7
 Summon Hydra             Summ           4%         N/A       100%        7
 Borgnjor's Revivificati  Necr           4%         N/A       100%        8
 Necromutation            Tmut/Necr      4%         N/A       100%        8
 Death's Door             Necr           4%         N/A       100%        9
 Fire Storm               Conj/Fire      4%         8d1       100%        9
 Sublimation of Blood     Necr           Unusable   N/A       N/A         2
 Statue Form              Tmut/Erth      Unusable   N/A       N/A         6

Dungeon Overview and Level Annotations

Branches:
Dungeon (15/15)            Temple (1/1) D:7            Lair (6/6) D:8
 Shoals (4/4) Lair:3       Spider (4/4) Lair:2        Slime (5/5) Lair:6
    Orc (2/2) D:12            Elf (3/3) Orc:2        Vaults (5/5) D:14
  Crypt (3/3) Vaults:2       Tomb (0/3) Crypt:3      Depths (4/4) D:15
   Hell (visited)             Dis (7/7) Hell            Geh (7/7) Hell
    Coc (0/7) Hell            Tar (3/7) Hell            Zot (5/5) Depths:4
  Sewer (visited)           IceCv (visited)         Gauntlet (visited)

Altars:
Ashenzari
Cheibriados
Dithmenos
Elyvilon
Fedhas
Gozag
Hepliaklqana
Kikubaaqudgha
Makhleb
Nemelex Xobeh
Okawaru
Qazlal
Ru
Sif Muna
Trog
Uskayaw
Vehumet
Wu Jian
Xom
Yredelemnul
Zin
The Shining One
Jiyva
Lugonu

Shops:
D:10 =   D:13 [   Orc:2 ***:*   Elf:1 :=:   Elf:3 :[!   Shoals:3 (   Vaults:1 *
Vaults:3 (=   Depths:2 :

Portals:
Hell: Depths:1 Depths:2 Depths:3 Depths:4
Abyss: Depths:2 Depths:3 Depths:4
Pandemonium: Depths:1 Depths:2 Depths:3 Depths:4
Ziggurat: Depths:4
Trove: D:14 (give 6 scrolls of fog)

Annotations:
Elf:2 3 runed translucent doors, exclusion: 3 doors


Innate Abilities, Weirdness & Mutations

You are immune to sickness and miasma.
Your stone body is resilient. (AC +20)
You are immune to poison.
Your large and strong wings let you fly.
You resist negative energy. (rN+)
You are resistant to electric shocks. (rElec)
You are resistant to unholy torment.
You are immune to petrification.
You have a pair of small horns on your head.
You are partially covered in large bone plates. (SH +4)
You are clumsy. (Dex -2)
You are weak. (Str -2)


Message History

The reaper convulses!
You barely miss the ancient lich. You slash the dread lich!
You destroy the dread lich!
The Shining One accepts your kill. You block the dread lich's attack.
The reaper hits you with a +1 scythe of protection.
The ancient lich points at you and mumbles some strange words.
The crystal spear hits you!!!
You feel your strength returning.
The dread lich gestures at you while chanting.
You suddenly lose the ability to move!
The reaper hits you but does no damage.
The dread lich touches you but does no damage.
A Tzitzimitl comes into view.
The dread lich touches you but does no damage.
The reaper hits you but does no damage.
The Ice Fiend claws you but does no damage. x2
The dread lich touches you but does no damage.
The reaper hits you from afar with a +1 scythe of protection!
The dread lich casts a spell at you.
You shrug off the repeated paralysis!
The ancient lich points at you and mumbles some strange words.
The crystal spear hits you!!!
* * * LOW HITPOINT WARNING * * *
The Ice Fiend gestures at you. The bolt of cold hits you. You resist.
* * * LOW HITPOINT WARNING * * *
The Tzitzimitl engulfs you!
* * * LOW HITPOINT WARNING * * *
The Tzitzimitl drains your vigour!
You feel yourself slow down.
The Tzitzimitl bites you but does no damage.
The dread lich points at you and mumbles some strange words.
You shrug off the repeated paralysis!
The reaper hits you from afar with a +1 scythe of protection!
* * * LOW HITPOINT WARNING * * *
The ancient lich casts a spell at you. The bolt of acid hits you. You resist.
* * * LOW HITPOINT WARNING * * *
The Ice Fiend claws you but does no damage. x2
The Tzitzimitl engulfs you!
You die...

#############
#..W.........
#.@L......^..
#1L1.........
#.W.2......#.
#.........##
#........##
#.......##
#........#
#.......##
#.......#


You could see an ancient lich (invisible), a dread lich (fast), a Tzitzimitl, an
Ice Fiend (summoned), a reaper (summoned) and 2 putrid mouths.

Vanquished Creatures
  Cerebov (Pan)
  4 pandemonium lords (Pan)
  Asmodeus (Geh:7)
  the Royal Jelly (Slime:5)
  the Serpent of Hell (Geh:7)
  Mnoleg (Pan)
  Dispater (Dis:7)
  8 dread liches
  An orb of fire (Zot:2)
  8 ancient liches
  Khufu (Crypt:3)
  3 juggernauts
  Boris (Crypt:3)
  A royal mummy (Crypt:3)
  Sojobo (Depths:2)
  Bai Suzhen (Shoals:3)
  28 caustic shrikes
  Saint Roka (Vaults:1)
  Geryon (Hell)
  A curse toe (Zot:4)
  8 golden dragons
  2 profane servitors
  8 bone dragons
  3 doom hounds
  An electric golem (Zot:1)
  13 Brimstone Fiends
  5 iron giants
  25 Hell Sentinels
  6 hellephants
  4 Tzitzimimeh
  An Ice Fiend (Pan)
  The ghost of hitsuchi the Stormcaller, an adept TeAE of Vehumet (Elf:3)
  29 searing wretches
  8 liches
  23 tentacled monstrosities
  3 quicksilver dragons
  3 Orb Guardians (Zot:5)
  A shard shrike skeleton (Abyss:5)
  A tainted leviathan (Tar:2)
  2 deep elf blademasters (Elf:3)
  20 acid blobs
  9 titans
  Asterion (Vaults:1)
  Murray (Hell)
  7 sphinxes
  39 ancient champions
  A deep elf master archer (Elf:3)
  A kraken (Shoals:1)
  14 tentacled starspawn
  26 Executioners (Pan)
  Gastronok (Lair:2)
  7 death cobs
  8 tengu reavers
  7 shadow dragons
  10 azure jellies
  The ghost of cada the Severer, an adept DgFi (Spider:3)
  3 draconian monks
  10 storm dragons
  7 demonspawn warmongers (Pan)
  An azure jelly (shapeshifter) (Zot:4)
  12 rockslimes
  5 revenants
  6 emperor scorpions
  5 deep elf sorcerers
  11 quicksilver elementals
  13 iron dragons
  2 draconian scorchers
  5 draconian knights
  50 balrugs
  21 fire giants
  5 ghost moths
  3 orc warlords
  7 frost giants
  23 cacodemons
  17 vault wardens
  12 ghouls
  4 draconian shifters
  A caustic shrike zombie (Dis:6)
  Louise (Shoals:1)
  2 juggernaut zombies
  An angel (Abyss:5)
  A broodmother (Spider:3)
  8 curse skulls
  3 ophanim (Abyss:5)
  7 spectral caustic shrikes
  43 stone giants
  3 deep elf elementalists (Elf:3)
  18 reapers
  3 demonspawn corrupters (Pan)
  6 draconian annihilators
  29 war gargoyles
  5 demonspawn blood saints (Pan)
  A caustic shrike skeleton (Crypt:1)
  61 very ugly things
  10 quicksilver oozes
  20 ironbound preservers
  A black draconian (shapeshifter) (Zot:4)
  13 demonspawn black suns (Pan)
  3 green draconians
  3 purple draconians
  6 vampire knights
  7 deep elf demonologists
  5 black draconians
  Nessos (Orc:2)
  A green draconian (shapeshifter) (Zot:4)
  5 entropy weavers
  A minotaur (Gauntlet)
  6 red draconians
  A white draconian (shapeshifter) (Zot:4)
  20 lorocyprocas
  4 white draconians
  5 yellow draconians
  10 deep elf annihilators
  10 dire elephants
  7 putrid mouths
  11 spark wasps
  A spectral titan (Tar:1)
  9 ironbound thunderhulks
  31 iron golems
  18 eidola
  7 ettins
  9 blizzard demons
  17 deep elf death magi
  5 merfolk javelineers
  17 green deaths
  A mummy priest (Crypt:3)
  A spectral quicksilver dragon (Crypt:1)
  14 great orbs of eyes
  12 merfolk impalers
  A fire dragon (shapeshifter) (Vaults:5)
  A crystal guardian (Vaults:3)
  11 jiangshi
  9 fire dragons
  A spectral fenstrider witch (Tar:1)
  6 deep elf high priests
  35 vault guards
  14 yaktaur captains
  A spectral shadow dragon (Crypt:1)
  Harold (D:7)
  4 spectral spriggans
  6 spriggan zombies
  The ghost of Peloso the Carver, a journeyman MiFi of Okawaru (D:10)
  13 hydras
  3 spriggan skeletons
  2 peacekeepers
  8 rakshasas
  A naga warrior (Abyss:5)
  3 spriggan air magi
  5 boulder beetles
  An elf skeleton (Crypt:1)
  A fenstrider witch zombie (Crypt:1)
  11 ice dragons
  2 quicksilver dragon skeletons
  8 salamander tyrants
  A jorogumo (Spider:1)
  13 centaur warriors
  7 hell beasts
  An anaconda (shapeshifter) (Depths:2)
  3 merfolk avatars
  11 ironbound frosthearts
  A juggernaut simulacrum (Abyss:5)
  A catoblepas (Lair:6)
  3 ogre magi
  4 death knights
  A radroach (Spider:1)
  2 alligator snapping turtles
  26 stokers
  12 two-headed ogres
  A merfolk aquamancer (Shoals:4)
  2 fenstrider witch skeletons (Pan)
  2 satyrs
  The ghost of Labrat the Thaumaturge, a novice DgCj (D:9)
  19 death yaks
  5 tengu warriors
  27 dancing weapons
  8 deep troll earth magi
  5 orc high priests
  11 vampire magi
  4 death scarabs (Spider:4)
  3 deep troll shamans
  3 shock serpents (Pan)
  44 hell hogs
  The ghost of DoubleLucky the Grappler, a novice TrFi of Makhleb (D:9)
  Sonja (D:10)
  2 spectral nagas
  A spectral emperor scorpion (Spider:4)
  Urug (D:10)
  46 soul eaters
  17 thrashing horrors
  64 sun demons
  3 spriggan berserkers
  4 titan skeletons
  A shock serpent (shapeshifter) (Vaults:5)
  22 skeletal warriors
  11 crystal echidnas
  11 deep elf knights
  13 hell knights
  13 wretched stars
  14 sea snakes
  19 shadow wraiths
  30 sixfirhies
  5 spatial maelstroms (Abyss:5)
  3 sun moths
  6 orb spiders
  A spectral bunyip (Tar:2)
  7 iron trolls
  6 pharaoh ants
  A storm dragon skeleton (Crypt:1)
  An iron giant zombie (Crypt:3)
  2 anaconda zombies (Crypt:3)
  60 deep trolls
  A spectral anaconda (Tar:1)
  A bunyip zombie (Crypt:3)
  11 deep elf archers
  A sea snake (shapeshifter) (Vaults:2)
  71 starcursed masses
  A quicksilver dragon simulacrum (Crypt:1)
  2 cherubim (Abyss:5)
  11 shadow demons
  9 flayed ghosts
  4 glowing orange brains
  17 wizards
  A spectral jorogumo (Spider:4)
  4 steelbarb worms
  74 large abominations
  4 lindwurms
  A shadow dragon zombie (Vaults:3)
  A spectral hydra (Crypt:1)
  31 phantasmal warriors
  16 orc knights
  11 harpies
  28 ironbound convokers
  A harpy (shapeshifter) (Elf:1)
  2 anaconda skeletons (Pan)
  35 deep elf pyromancers
  28 deep elf zephyrmancers
  A spectral wolf spider (Spider:4)
  13 necromancers
  5 orc sorcerers
  A mana viper (shapeshifter) (D:14)
  A mana viper (Abyss:5)
  A spectral ettin (Tar:1)
  31 cyclopes
  11 wolf spiders
  A sphinx zombie (Vaults:3)
  An iron dragon zombie (Crypt:1)
  68 ugly things
  2 oklob plants (Shoals:2)
  The ghost of knorpule3000 the Nimble, a novice FeSu of Gozag (D:9)
  14 manticores
  7 fauns
  A shadow dragon skeleton (Crypt:1)
  8 shining eyes
  A fire giant zombie (Depths:1)
  39 moths of wrath
  An iron dragon skeleton (Pan)
  A stone giant zombie (Crypt:3)
  A frost giant zombie (Vaults:1)
  4 worldbinders
  10 rust devils
  2 guardian serpents
  33 elephants
  3 human skeletons
  7 water nymphs
  2 dire elephant zombies
  An elf zombie (Vaults:3)
  3 apocalypse crabs
  9 merfolk sirens
  Maurice (D:13)
  A cane toad (shapeshifter) (Abyss:4)
  2 naga zombies
  55 smoke demons
  An alligator snapping turtle zombie (Crypt:1)
  3 black mambas
  2 molten gargoyles (Hell)
  27 vault sentinels
  An ice statue (IceCv)
  2 torpor snails
  3 centaur skeletons
  A dire elephant skeleton (Pan)
  5 unseen horrors
  4 spectral redbacks (Spider:4)
  13 demonic crawlers
  22 orange demons
  2 grey draconian zombies (Crypt:2)
  An eye of devastation (Slime:5)
  An unseen horror (shapeshifter) (Abyss:5)
  Maggie (D:6)
  15 freezing wraiths
  10 cane toads
  A naga skeleton (Abyss:5)
  21 hellions
  14 komodo dragons
  3 kobold demonologists
  2 komodo dragons (shapeshifter)
  8 rime drakes
  39 yaktaurs
  23 tormentors
  16 efreet
  15 spectral harpies
  5 ice devils
  39 hellwings
  5 ancient zymes
  2 guardian mummies (Crypt:3)
  4 tengu conjurers
  6 red devils
  7 trolls
  A hydra zombie (Crypt:3)
  8 harpy zombies
  23 merfolk
  A spectral two-headed ogre (Tar:2)
  4 human zombies
  A queen bee (D:10)
  2 hornets (D:10)
  A tengu simulacrum (Vaults:3)
  A meliai (shapeshifter) (D:14)
  23 polar bears
  6 wind drakes
  2 merfolk (shapeshifter)
  6 spectral jumping spiders (Spider:4)
  A moth of wrath zombie (Crypt:2)
  Grinder (D:6)
  A raiju (shapeshifter) (Abyss:5)
  28 tarantellas
  24 meliai
  3 spectral tarantellas (Spider:4)
  2 harpy skeletons
  A fire dragon zombie (Crypt:1)
  An iron dragon simulacrum (Hell)
  2 ice dragon zombies
  8 dream sheep
  34 raiju
  95 slime creatures
  A frost giant simulacrum (Vaults:3)
  21 blink frogs
  A boulder beetle zombie (Crypt:1)
  A guardian serpent zombie (Crypt:1)
  A jumping spider zombie (Spider:4)
  A tarantella zombie (Spider:4)
  12 snapping turtles
  A shadow (Abyss:5)
  26 jumping spiders
  21 culicivoras
  A guardian serpent skeleton (Crypt:2)
  3 ettin skeletons
  21 ynoxinuls
  A jumping spider (shapeshifter) (Vaults:5)
  8 flying skulls (Crypt:1)
  4 vampires
  A yak (shapeshifter) (Abyss:5)
  3 wyverns
  67 yaks
  9 wraiths
  3 dire elephant simulacra
  6 water elementals
  7 air elementals
  A fire dragon skeleton (Crypt:1)
  Grum (D:9)
  34 neqoxecs
  18 golden eyes
  13 chaos spawn
  2 fire elementals
  11 vampire mosquitoes
  Eustachio (D:6)
  6 basilisks
  42 redbacks
  7 spatial vortices (Abyss:5)
  A harpy simulacrum (Crypt:1)
  5 acid dragons
  Edmund (D:6)
  7 wargs
  2 nagas (Abyss:5)
  16 water moccasins
  Duvessa (D:6)
  A meliai simulacrum (D:15)
  A two-headed ogre skeleton (Crypt:2)
  36 orc warriors
  A floating eye (shapeshifter) (Depths:4)
  2 ice beasts
  8 floating eyes
  8 hell hounds
  2 sky beasts
  10 black bears
  24 ogres
  2 spriggan simulacra (Depths:1)
  15 necrophages
  2 tengu (shapeshifter) (Vaults:5)
  A swamp dragon skeleton (Crypt:1)
  8 centaurs
  30 wolves
  11 boggarts
  A lindwurm skeleton (Crypt:2)
  The ghost of hitsuchi the Gusty, an amateur TeAE (D:3)
  The ghost of Marlhin the Digger, an amateur GrEE (D:3)
  14 bullfrogs
  2 gnoll sergeants
  5 kobold brigands
  A water moccasin zombie (D:6)
  8 earth elementals
  2 scorpions
  9 wyvern skeletons
  Dowan (D:6)
  16 wights
  18 killer bees
  A howler monkey (D:8)
  5 electric eels
  4 crimson imps (Gauntlet)
  A quasit (Abyss:1)
  5 centaur zombies
  27 orc priests
  2 hounds
  8 jellies
  2 bullfrog skeletons (D:6)
  6 iron imps (Geh:4)
  Jessica (D:3)
  A scorpion zombie (D:5)
  14 orc wizards
  17 small abominations
  A deep dwarf zombie (Crypt:2)
  A sky beast zombie (Crypt:1)
  A dwarf skeleton (Crypt:1)
  A hound skeleton (D:5)
  3 mummies (Crypt:3)
  2 adders
  A river rat (D:3)
  3 shadow imps (Gauntlet)
  2 white imps
  3 ufetubi
  An adder skeleton (D:4)
  2 worms
  2 dart slugs
  69 orcs
  14 endoplasms
  2 giant cockroaches
  7 goblins
  8 hobgoblins
  11 jackals
  23 kobolds
  5 quokkas
  7 ball pythons
  12 bats
  2 frilled lizards
  A frilled lizard zombie (Crypt:1)
  A hobgoblin zombie (Crypt:1)
  6 rats
  A spectral goblin (D:4)
  A block of ice (Pan)
  A bush (Lair:5)
  A butterfly (Lair:5)
  6 creeping infernos
  59 fire vortices
  4 lurking horrors
  15 starspawn tentacles
  3 tentacles (Shoals:1)
4128 creatures vanquished.

Vanquished Creatures (collateral kills)
  Gloorx Vloq (Pan)
  Lom Lobon (Pan)
  An ancient lich (Dis:5)
  Mara (Shoals:3)
  2 caustic shrikes (Dis:7)
  A Brimstone Fiend (Geh:7)
  2 Hell Sentinels (Dis:7)
  A deep elf master archer (Elf:3)
  A titan (Pan)
  An ancient champion (Dis:7)
  A deep elf sorcerer (Elf:3)
  An azure jelly (Slime:5)
  A deep elf annihilator (Elf:3)
  3 iron golems (Dis:7)
  A deep elf death mage (Elf:3)
  A deep troll (Vaults:3)
  A manticore (Shoals:3)
  A large abomination (Pan)
22 creatures vanquished.

Vanquished Creatures (others)
  A draconian knight (Zot:4)
  A vault warden (Vaults:5)
  A hell beast (Geh:6)
  A merfolk aquamancer (Shoals:4)
  2 deep elf knights (Elf:2)
  A deep elf zephyrmancer (Elf:1)
  A cyclops (Pan)
  A smoke demon (Hell)
  2 tormentors (Dis:5)
  A tarantella (Spider:4)
  A human (D:5)
  A scorpion (shapeshifter) (Depths:2)
  2 creeping infernos (Geh:7)
  10 fire vortices
  2 foxfires (Abyss:4)
  43 fungi
  2 lurking horrors
  123 plants
  22 starspawn tentacles
  5 tentacles (Shoals:1)
  12 toadstools (D:4)
  27 withered plants (Crypt:3)
262 creatures vanquished.

Grand Total: 4412 creatures vanquished

Notes
Turn   | Place    | Note
-------+----------+-------------------------------------------
     0 | D:1      | KamiKatze the Gargoyle Berserker began the quest for the
                  | Orb.
     0 | D:1      | Reached XP level 1. HP: 14/14 MP: 1/1
    78 | D:1      | You fall into a shaft and drop 1 floor!
   204 | D:2      | Reached XP level 2. HP: 19/19 MP: 2/2
   645 | D:1      | Reached XP level 3. HP: 19/23 MP: 3/3
   693 | D:1      | Reached ** piety under Trog
   842 | D:1      | Found a faded altar of an unknown god.
  1579 | D:3      | Found a runed translucent gate.
  1579 | D:3      | Found a runed translucent gate.
  1579 | D:3      | Found a runed translucent gate.
  1580 | D:3      | Noticed hitsuchi's ghost (amateur TeAE)
  1580 | D:3      | Noticed Marlhin's ghost (amateur GrEE)
  1589 | D:3      | Reached XP level 4. HP: 24/29 MP: 4/4
  1647 | D:3      | Found a white marble altar of Elyvilon.
  1651 | D:3      | Noticed Jessica
  1660 | D:3      | Killed Jessica
  1781 | D:3      | Found a glowing drain.
  1812 | Sewer    | Entered a sewer
  1872 | Sewer    | Noticed a water moccasin
  1899 | Sewer    | Killed a water moccasin
  1900 | Sewer    | Reached skill level 5 in Axes
  1900 | Sewer    | Reached XP level 5. HP: 33/33 MP: 5/5
  2344 | D:3      | Reached XP level 6. HP: 37/38 MP: 6/6
  2645 | D:4      | Found a hazy altar of Hepliaklqana.
  2860 | D:4      | Found a glowing silver altar of Zin.
  3189 | D:4      | Reached *** piety under Trog
  3663 | D:5      | Entered Level 5 of the Dungeon
  3743 | D:4      | Reached XP level 7. HP: 43/43 MP: 7/7
  3924 | D:5      | Found an ancient bone altar of Kikubaaqudgha.
  3953 | D:5      | Noticed a human
  3954 | D:5      | Killed a human
  4579 | D:5      | Reached XP level 8. HP: 38/48 MP: 8/8
  4817 | D:5      | Found a blossoming altar of Fedhas.
  4970 | D:6      | Noticed Duvessa
  4970 | D:6      | Noticed Dowan
  4979 | D:6      | Killed Duvessa
  4979 | D:6      | Killed Dowan
  5212 | D:6      | Noticed Eustachio
  5255 | D:5      | Reached skill level 10 in Axes
  5291 | D:6      | Killed Eustachio
  5292 | D:6      | Reached XP level 9. HP: 52/52 MP: 9/9
  5319 | D:6      | Noticed Maggie
  5352 | D:6      | Killed Maggie
  5472 | D:6      | Reached skill level 1 in Throwing
  5633 | D:6      | Noticed Edmund
  5653 | D:6      | Killed Edmund
  5753 | D:6      | Noticed Grinder
  5773 | D:6      | Killed Grinder
  5971 | D:7      | Reached skill level 5 in Fighting
  6065 | D:7      | Found an opulent altar of Gozag.
  6105 | D:7      | Identified the ring "Hoesoxtuun" {rPois rC++ Will- SInv}
  6173 | D:7      | Found a sacrificial altar of Ru.
  6180 | D:7      | Noticed Harold
  6201 | D:7      | Killed Harold
  6202 | D:7      | Reached skill level 1 in Evocations
  6202 | D:7      | Reached XP level 10. HP: 59/59 MP: 10/10
  6539 | D:7      | Found a staircase to the Ecumenical Temple.
  6573 | Temple   | Entered the Ecumenical Temple
  6810 | D:7      | Reached skill level 5 in Armour
  7184 | D:8      | Reached **** piety under Trog
  7262 | D:8      | Found a staircase to the Lair.
  7774 | D:8      | Noticed a two-headed ogre
  7862 | D:8      | Found a burning altar of Makhleb.
  7871 | D:8      | Killed a two-headed ogre
  8021 | D:9      | Found a snail-covered altar of Cheibriados.
  8142 | D:9      | Found a runed translucent gate.
  8142 | D:9      | Found a runed translucent gate.
  8142 | D:9      | Found a runed translucent gate.
  8151 | D:9      | Noticed Labrat's ghost (novice DgCj)
  8151 | D:9      | Noticed DoubleLucky's ghost (novice TrFi)
  8151 | D:9      | Noticed knorpule3000's ghost (novice FeSu)
  8511 | D:9      | Reached XP level 11. HP: 67/67 MP: 11/11
  8714 | D:9      | Noticed Grum
  8753 | D:9      | Killed Grum
  8970 | D:9      | Reached skill level 5 in Dodging
  9058 | D:10     | Entered Level 10 of the Dungeon
  9140 | D:10     | Noticed a five-headed hydra
  9156 | D:10     | Killed a three-headed hydra
  9299 | D:10     | Found an ornate altar of the Wu Jian Council.
  9439 | D:10     | Noticed Sonja
  9461 | D:10     | Killed Sonja
  9496 | D:10     | Found a basalt altar of Yredelemnul.
  9852 | D:10     | Found a broken altar of Ashenzari.
  9874 | D:10     | Noticed a cyclops
  9890 | D:10     | Killed a cyclops
  9947 | D:10     | Noticed Urug
  9965 | D:10     | Killed Urug
 10156 | D:10     | Found a transporter.
 10160 | D:10     | Found a transporter.
 10165 | D:10     | Noticed Peloso's ghost (journeyman MiFi)
 10311 | D:10     | Found Xivyuke's Jewellery Boutique.
 10797 | D:11     | Found a frozen archway.
 10817 | IceCv    | Entered an ice cave
 10991 | IceCv    | Reached XP level 12. HP: 57/75 MP: 12/12
 11453 | IceCv    | Noticed a death yak
 11456 | IceCv    | Noticed a death yak
 11483 | IceCv    | Killed a death yak
 11490 | IceCv    | Killed a death yak
 11648 | IceCv    | Reached ***** piety under Trog
 11650 | IceCv    | Noticed a death yak
 11658 | IceCv    | Killed a death yak
 11658 | IceCv    | Noticed a death yak
 11663 | IceCv    | Killed a death yak
 11663 | IceCv    | Noticed a death yak
 11672 | IceCv    | Killed a death yak
 11700 | IceCv    | Noticed an ironbound frostheart
 11719 | IceCv    | Killed an ironbound frostheart
 11808 | IceCv    | Noticed an ironbound frostheart
 11881 | IceCv    | Killed an ironbound frostheart
 11929 | IceCv    | Got Sif Muna's Reference Book on the Entourage and Changing
 12159 | D:11     | Noticed a boulder beetle
 12167 | D:11     | Killed a boulder beetle
 12168 | D:11     | Reached skill level 10 in Fighting
 12168 | D:11     | Reached XP level 13. HP: 55/82 MP: 13/13
 12265 | D:11     | Identified the +10 war axe "Qupou" {flame, *Corrode rC+
                  | Dex+2} (Trog gifted it to you on level 11 of the Dungeon)
 12265 | D:11     | Received a gift from Trog
 12967 | D:3      | Killed Marlhin's ghost
 12968 | D:3      | Killed hitsuchi's ghost
 13104 | Lair:1   | Entered Level 1 of the Lair of Beasts
 14095 | Lair:2   | Reached skill level 10 in Armour
 14107 | Lair:2   | Noticed Gastronok
 14153 | Lair:2   | Killed Gastronok
 14273 | Lair:2   | Found a hole to the Spider Nest.
 14429 | Lair:2   | Reached skill level 15 in Axes
 15229 | Lair:3   | You fall into a shaft and drop 3 floors!
 15229 | Lair:6   | Entered Level 6 of the Lair of Beasts
 15533 | Lair:6   | Identified the +2 scale mail of the Equinox {Rampage *Slow
                  | rC++ rN+}
 15735 | Lair:6   | Gained mutation: Your large and strong wings let you fly.
                  | [Gargoyle growth]
 15735 | Lair:6   | Reached XP level 14. HP: 90/90 MP: 14/14
 15942 | Lair:3   | Found a staircase to the Shoals.
 17612 | Lair:4   | Received a gift from Trog
 17654 | Lair:5   | Reached ****** piety under Trog
 17957 | Lair:5   | Reached XP level 15. HP: 93/97 MP: 15/15
 18476 | Lair:6   | Found a staircase to the Slime Pits.
 19475 | D:10     | Bought a ring of see invisible for 195 gold pieces
 19531 | D:12     | Found a staircase to the Orcish Mines.
 19544 | D:12     | Received a gift from Trog
 19714 | D:12     | Identified the +2 helmet of Honour {Int+3 Dex+3}
 19936 | Orc:1    | Entered Level 1 of the Orcish Mines
 20084 | Orc:1    | Noticed an orc warlord
 20275 | D:12     | Killed an orc warlord
 20366 | Orc:1    | Noticed an orc warlord
 20377 | Orc:1    | Paralysed by an orc sorcerer for 6 turns
 20573 | Orc:1    | Killed an orc warlord
 20682 | D:10     | Bought the ring "Kiustatoaph" {rF+ Will+ Dex+7} for 679
                  | gold pieces
 21016 | Orc:2    | Entered Level 2 of the Orcish Mines
 21159 | Orc:2    | Found Onnukkes's Overcharged Wands.
 21395 | Orc:2    | Found a staircase to the Elven Halls.
 21691 | Orc:2    | Reached skill level 10 in Dodging
 21735 | Orc:2    | Noticed Nessos
 21744 | Orc:2    | Killed Nessos
 21920 | Orc:2    | Received a gift from Trog
 22398 | Orc:2    | Reached XP level 16. HP: 85/104 MP: 16/16
 22555 | Orc:2    | Found Esimp's Book Boutique.
 22558 | Orc:2    | Found Neag's General Store.
 22559 | Orc:2    | Found Xotwi's General Store.
 22560 | Orc:2    | Found Paigok's General Store.
 22564 | Orc:2    | Bought a scroll of teleportation for 45 gold pieces
 22722 | D:13     | Noticed Maurice
 22725 | D:13     | Killed Maurice
 23043 | D:13     | Identified the +5 halberd of Execution {vorpal, Dex+7}
 23234 | D:13     | Found Tuipreepp's Antique Armour Boutique.
 23569 | D:8      | Received a gift from Trog
 24426 | D:14     | Found a gate leading to a gauntlet.
 24433 | Gauntlet | Entered a Gauntlet
 24433 | Gauntlet | Found a transporter.
 24433 | Gauntlet | Found a transporter.
 24433 | Gauntlet | Found a transporter.
 24438 | Gauntlet | Found a transporter.
 24492 | Gauntlet | Found a transporter.
 24522 | Gauntlet | Found a transporter.
 24526 | Gauntlet | Found a transporter.
 24541 | Gauntlet | Found a transporter.
 24545 | Gauntlet | Found a large runed translucent door.
 24546 | Gauntlet | Found a large runed translucent door.
 24547 | Gauntlet | Found a large runed translucent door.
 24547 | Gauntlet | Found a large runed translucent door.
 24548 | Gauntlet | Found a large runed translucent door.
 24548 | Gauntlet | Found a large runed translucent door.
 24548 | Gauntlet | Found a runed translucent gate.
 24548 | Gauntlet | Found a runed translucent door.
 24549 | Gauntlet | Found a large runed translucent door.
 24550 | Gauntlet | Found a large runed translucent door.
 24551 | Gauntlet | Found a runed translucent gate.
 24551 | Gauntlet | Found a transporter.
 24552 | Gauntlet | Found a runed translucent gate.
 24552 | Gauntlet | Found a runed translucent door.
 24555 | Gauntlet | Found a large runed translucent door.
 24555 | Gauntlet | Found a large runed translucent door.
 24556 | Gauntlet | Found a large runed translucent door.
 24557 | Gauntlet | Found a large runed translucent door.
 24566 | Gauntlet | Found a large runed translucent door.
 24566 | Gauntlet | Found a large runed translucent door.
 24567 | Gauntlet | Found a large runed translucent door.
 24568 | Gauntlet | Found a large runed translucent door.
 24570 | Gauntlet | Found a transporter.
 24578 | Gauntlet | Found a transporter.
 24603 | Gauntlet | Found a transporter.
 24741 | Gauntlet | Identified the ring "Ymuck" {rPois rF+++ Will- EV+4 Dex+7}
 24797 | Gauntlet | Identified a scroll of acquirement
 25185 | D:14     | Found a gate to the Vaults.
 25289 | D:14     | Found a portal to a secret trove of treasure.
 25528 | D:14     | Identified the amulet "Nytidor" {Faith Str+5 Stlth-}
 25536 | D:14     | Identified the +6 trident "Death Rattle" {holy, SInv}
 25838 | D:14     | Identified the +7 battleaxe of Pedwiw {vorpal, Stlth+}
                  | (Trog gifted it to you on level 14 of the Dungeon)
 25838 | D:14     | Received a gift from Trog
 25973 | D:15     | Entered Level 15 of the Dungeon
 26044 | D:15     | Identified the +7 long sword of Watchfulness {drain, Str+5}
 26219 | D:15     | Found a staircase to the Depths.
 26417 | D:10     | Killed Peloso's ghost
 26571 | D:9      | Killed knorpule3000's ghost
 26574 | D:9      | Killed DoubleLucky's ghost
 26574 | D:9      | Killed Labrat's ghost
 26874 | Shoals:1 | Entered Level 1 of the Shoals
 26944 | Shoals:1 | Reached XP level 17. HP: 112/112 MP: 17/17
 27198 | Shoals:1 | Received a gift from Trog
 27452 | Shoals:1 | Noticed Louise
 27464 | Shoals:1 | Killed Louise
 27717 | Shoals:1 | Noticed a kraken
 27730 | Shoals:1 | Killed a kraken
 28954 | Shoals:3 | Noticed Mara
 28977 | Shoals:3 | Noticed KamiKatze's illusion
 29073 | Shoals:3 | Killed Mara
 29073 | Shoals:3 | Received a gift from Trog
 29181 | Shoals:3 | Found Irghom's Weapon Emporium.
 29194 | Shoals:3 | Reached skill level 15 in Fighting
 29209 | Shoals:3 | Reached skill level 5 in Evocations
 29642 | Shoals:3 | Acquired a manual of Evocations
 30088 | Shoals:4 | Entered Level 4 of the Shoals
 30120 | Shoals:4 | Noticed Bai Suzhen
 30337 | Spider:1 | Entered Level 1 of the Spider Nest
 30468 | Spider:1 | Reached skill level 15 in Armour
 30528 | Spider:1 | Reached XP level 18. HP: 118/119 MP: 18/18
 31315 | Spider:1 | Received a gift from Trog
 32844 | Spider:3 | Found a runed translucent door.
 32846 | Spider:3 | Noticed cada's ghost (adept DgFi)
 33336 | Spider:4 | Entered Level 4 of the Spider Nest
 33642 | Spider:4 | Received a gift from Trog
 34829 | Spider:4 | Received a gift from Trog
 34834 | Spider:4 | Reached XP level 19. HP: 118/125 MP: 19/19
 34852 | Spider:4 | Identified the +2 hat "Ocussux" {Will+}
 34866 | Spider:4 | Got a gossamer rune of Zot
 35411 | Shoals:3 | Killed Bai Suzhen
 36458 | Shoals:4 | Got a barnacled rune of Zot
 36995 | D:13     | Bought a shiny crystal plate armour for 2075 gold pieces
 37100 | Lair:1   | Acquired 1013 gold pieces
 37272 | Vaults:1 | Entered Level 1 of the Vaults
 37291 | Vaults:1 | Received a gift from Trog
 37411 | D:14     | Reached skill level 10 in Evocations
 38097 | Vaults:1 | Identified the +7 lajatang of Mixodev {vorpal, Will+} (Trog
                  | gifted it to you on level 1 of the Vaults)
 38097 | Vaults:1 | Received a gift from Trog
 38339 | Vaults:1 | Reached XP level 20. HP: 133/133 MP: 20/20
 38392 | Vaults:1 | Noticed Asterion
 38405 | Vaults:1 | Killed Asterion
 39037 | Vaults:1 | Identified the +5 battleaxe of Drought {flame, rC+ Int-4
                  | Dex+6 Stlth+} (Trog gifted it to you on level 1 of the
                  | Vaults)
 39037 | Vaults:1 | Received a gift from Trog
 39047 | Vaults:1 | Found Luisugem's Assorted Antiques.
 39054 | Vaults:1 | Bought a scroll of magic mapping for 129 gold pieces
 39182 | Vaults:1 | Noticed Saint Roka
 39203 | Vaults:1 | Killed Saint Roka
 39378 | Vaults:2 | Found a staircase to the Crypt.
 39378 | Vaults:2 | Found an ancient bone altar of Kikubaaqudgha.
 39379 | Vaults:2 | Found a basalt altar of Yredelemnul.
 40340 | Vaults:2 | Received a gift from Trog
 41200 | Vaults:3 | Reached XP level 21. HP: 115/140 MP: 21/21
 41389 | Vaults:3 | Received a gift from Trog
 41485 | Vaults:3 | Found Kabid's Jewellery Shop.
 41490 | Vaults:3 | Bought the amulet "Pustreco" {Acrobat Regen+ Stlth+} for
                  | 796 gold pieces
 42038 | Vaults:3 | Found Biar's Weapon Boutique.
 42406 | Vaults:3 | Received a gift from Trog
 43463 | Vaults:4 | Received a gift from Trog
 43905 | Vaults:1 | Bought a scroll of brand weapon for 740 gold pieces
 44331 | Elf:1    | Entered Level 1 of the Elven Halls
 44352 | Elf:1    | Reached XP level 22. HP: 148/148 MP: 22/22
 44402 | Elf:1    | Paralysed by an air elemental for 1 turns
 44665 | Elf:1    | Paralysed by an air elemental for 1 turns
 44714 | Elf:1    | Found Bykytat's Book Shop.
 44714 | Elf:1    | Found Cusin's Jewellery Shoppe.
 44716 | Elf:1    | Found Voehun's Book Shop.
 44825 | Elf:1    | Received a gift from Trog
 45581 | Elf:2    | Received a gift from Trog
 45819 | Elf:2    | Found a runed translucent gate.
 45820 | Elf:2    | Found a runed translucent gate.
 45820 | Elf:2    | Found a runed translucent gate.
 45927 | Elf:3    | Entered Level 3 of the Elven Halls
 45930 | Elf:3    | Found a flickering gateway to a bazaar.
 45947 | Bazaar   | Entered a bazaar
 45961 | Bazaar   | Found Sucvajimn's Armour Shoppe.
 45961 | Bazaar   | Found Paykes's Magic Scroll Emporium.
 45983 | Bazaar   | Found Viurph's Magic Scroll Shoppe.
 46005 | Bazaar   | Found Ufonemeg's Antique Armour Shoppe.
 46005 | Bazaar   | Found Copawes's Assorted Antiques.
 46016 | Bazaar   | Bought a pair of runed boots for 112 gold pieces
 46082 | Bazaar   | Bought a scroll of magic mapping for 56 gold pieces
 46082 | Bazaar   | Bought a scroll of blinking for 120 gold pieces
 46082 | Bazaar   | Bought a scroll of teleportation for 48 gold pieces
 46082 | Bazaar   | Bought a scroll of blinking for 120 gold pieces
 46082 | Bazaar   | Bought a scroll of teleportation for 48 gold pieces
 46096 | Bazaar   | Bought a scroll of blinking for 112 gold pieces
 46096 | Bazaar   | Bought a scroll of blinking for 112 gold pieces
 46096 | Bazaar   | Bought a scroll of enchant armour for 112 gold pieces
 46096 | Bazaar   | Bought a scroll of enchant weapon for 112 gold pieces
 46096 | Bazaar   | Bought a scroll of teleportation for 45 gold pieces
 46248 | Elf:3    | Identified the +11 triple sword "Ofoirpho" {vorpal, Contam
                  | +Blink rElec} (Trog gifted it to you on level 3 of the
                  | Elven Halls)
 46248 | Elf:3    | Received a gift from Trog
 46418 | Elf:3    | Found Uxumoc's Antique Weapon Shoppe.
 46419 | Elf:3    | Found Pazaet's Distillery.
 46419 | Elf:3    | Found Wulootae's Armour Emporium.
 46459 | Elf:3    | Found Xatemi's Book Emporium.
 46574 | Elf:3    | Paralysed by an air elemental for 1 turns
 46656 | Elf:3    | Acquired 918 gold pieces
 46739 | Elf:3    | Noticed hitsuchi's ghost (adept TeAE)
 46740 | Elf:3    | Found a runed translucent gate.
 46740 | Elf:3    | Found a runed translucent gate.
 46740 | Elf:3    | Found a runed translucent gate.
 47456 | Elf:3    | Received a gift from Trog
 47495 | Elf:3    | Identified the +7 mace "Syagh" {freeze, Fragile rN+++ Will-
                  | Str+5}
 47495 | Elf:3    | Identified the ring "Noviutog" {rC+ Int+6}
 47613 | Elf:3    | Identified the +1 plate armour of the Sun {Rampage rPois
                  | rN+ Dex-4}
 47793 | Elf:3    | Identified the +11 hand axe of Guocle {protect, rPois
                  | rCorr}
 47817 | Elf:3    | Identified the +0 helmet "Mevomuto" {rElec Int+3}
 48182 | Depths:1 | Entered Level 1 of the Depths
 48216 | Depths:1 | Reached XP level 23. HP: 134/155 MP: 23/23
 48373 | Depths:1 | Identified the +6 battleaxe of Truth {flame, rF+} (Trog
                  | gifted it to you on level 1 of the Depths)
 48373 | Depths:1 | Received a gift from Trog
 48446 | Depths:1 | Found a gateway to Hell.
 48568 | Depths:1 | Reached skill level 15 in Dodging
 48570 | Depths:1 | Found a one-way gate leading to the halls of Pandemonium.
 48859 | Depths:1 | Received a gift from Trog
 49014 | Depths:1 | Identified the ring "Enynulea" {Fire *Slow Str+2 Int+3}
 49180 | Depths:2 | Found a transporter.
 49207 | Depths:2 | Paralysed by a floating eye for 4 turns
 49215 | Depths:2 | Paralysed by a floating eye for 3 turns
 49294 | Depths:2 | Acquired a manual of Fighting
 49466 | Depths:2 | Noticed a juggernaut
 49468 | Depths:2 | Noticed a juggernaut
 49479 | Depths:2 | Noticed Sojobo
 49487 | Depths:1 | Killed a juggernaut
 49547 | Depths:1 | Killed a juggernaut
 49621 | Depths:2 | Paralysed by a floating eye for 3 turns
 49716 | Depths:2 | Found a transporter.
 49718 | Depths:2 | Identified the ring "Hoczy" {rElec Int+6 Stlth+}
 49795 | Depths:2 | Received a gift from Trog
 49868 | Depths:2 | Identified the ring of Contentment {rC+ Will+ MP+9}
 50232 | Depths:2 | Identified the +1 robe "Erygyaku" {*Slow rElec rN++ Will+}
 50288 | Depths:2 | Found Acuhyh's Book Emporium.
 50419 | Depths:2 | Identified the ring "Muleloy" {rElec rPois rCorr Int+5}
 50458 | Depths:2 | Identified the +1 pair of boots of Virimn {*Slow rN+ Str+4}
 50498 | Depths:2 | Killed Sojobo
 50537 | Depths:2 | Found a one-way gate to the infinite horrors of the Abyss.
 50974 | Depths:3 | Identified the +7 great mace of Mana {vorpal, MP+9}
 51254 | Depths:3 | Identified the +1 battleaxe "Guoxucoi" {flame, Will+ Str+5}
                  | (Trog gifted it to you on level 3 of the Depths)
 51254 | Depths:3 | Received a gift from Trog
 51255 | Depths:3 | Reached XP level 24. HP: 137/164 MP: 23/23
 51792 | Depths:4 | Entered Level 4 of the Depths
 52182 | Depths:4 | Found a one-way gateway to a ziggurat.
 52627 | Depths:4 | Received a gift from Trog
 53643 | Orc:2    | Bought a potion of haste for 150 gold pieces
 53643 | Orc:2    | Bought a potion of heal wounds for 75 gold pieces
 53826 | Elf:3    | Bought a potion of haste for 110 gold pieces
 53826 | Elf:3    | Bought a potion of might for 44 gold pieces
 53826 | Elf:3    | Bought a potion of invisibility for 88 gold pieces
 53826 | Elf:3    | Bought 2 potions of heal wounds for 110 gold pieces
 54012 | Orc:2    | Bought a potion of mutation for 144 gold pieces
 54310 | Spider:3 | Killed cada's ghost
 54738 | Elf:3    | Killed hitsuchi's ghost
 54748 | Elf:3    | Identified the ring "Plog" {rC- Str+6 Int+2 Dex+8}
 55443 | Depths:4 | Found a gate to the Realm of Zot.
 55742 | Vaults:5 | Entered Level 5 of the Vaults
 55800 | Vaults:5 | Noticed a dread lich
 55820 | Vaults:5 | Killed a dread lich
 55822 | Vaults:5 | Noticed an ancient lich
 55967 | Vaults:5 | Received a gift from Trog
 56011 | Vaults:5 | Reached skill level 15 in Evocations
 56241 | Vaults:5 | Reached XP level 25. HP: 148/170 MP: 23/23
 56296 | Vaults:5 | Identified the +4 shadow dragon scales of Anarchy {rPois
                  | rF+++ Str-4 Int+2 Stlth++++}
 56332 | Vaults:5 | Killed an ancient lich
 56377 | Vaults:5 | Identified the +6 halberd of Salt {freeze, Int+4}
 56585 | Vaults:5 | Reached skill level 1 in Stealth
 56606 | Vaults:4 | Received a gift from Trog
 56797 | Vaults:5 | Found the +0 mask of the Dragon {Will+ Slay+3 SInv}
 56861 | Vaults:5 | Identified the +5 chain mail "Imochocw" {Int+4}
 56920 | Vaults:5 | Got a silver rune of Zot
 56935 | Vaults:5 | Noticed a dread lich
 56947 | Vaults:5 | Killed a dread lich
 56948 | Vaults:5 | Reached skill level 5 in Stealth
 57367 | Vaults:5 | Noticed a dread lich
 57376 | Vaults:5 | Killed a dread lich
 57704 | Orc:2    | Bought a scroll of fog for 28 gold pieces
 57704 | Orc:2    | Bought a potion of curing for 42 gold pieces
 57707 | Orc:2    | Bought a potion of curing for 54 gold pieces
 57890 | Elf:3    | Bought a potion of curing for 33 gold pieces
 58162 | Vaults:1 | Bought a potion of curing for 111 gold pieces
 58162 | Vaults:1 | Bought a masterwork battleaxe for 425 gold pieces
 58162 | Vaults:1 | Identified the +6 battleaxe of Fedhas's Outrage {vamp,
                  | rCorr Str+4} (You bought it in a shop on level 1 of the
                  | Vaults)
 58440 | Zot:1    | Entered Level 1 of the Realm of Zot
 58461 | Zot:1    | Received a gift from Trog
 59185 | Zot:2    | Noticed an orb of fire
 59190 | Zot:2    | Gained mutation: You are clumsy. (Dex -2) [an orb of fire]
 59209 | Zot:2    | Killed an orb of fire
 60676 | Zot:4    | Reached XP level 26. HP: 169/182 MP: 2/23
 60859 | Zot:4    | Received a gift from Trog
 61991 | Zot:4    | Found an ancient bone altar of Kikubaaqudgha.
 62094 | Zot:5    | Entered Level 5 of the Realm of Zot
 62191 | Zot:5    | Identified the +3 executioner's axe of Inference {vorpal,
                  | *Slow Str+2 Dex+7} (Trog gifted it to you on level 5 of the
                  | Realm of Zot)
 62191 | Zot:5    | Received a gift from Trog
 63151 | Slime:1  | Entered Level 1 of the Pits of Slime
 63171 | Slime:2  | Gained mutation: You are frail. (-10% HP) [a shining eye]
 63173 | Slime:2  | Gained mutation: Your spells are a little easier to cast,
                  | but a little less powerful. [a shining eye]
 63175 | Slime:2  | Gained mutation: You have large cloven feet. [a shining
                  | eye]
 63399 | Slime:3  | Gained mutation: You expend magic power (3 MP) to
                  | strengthen your wands. [a shining eye]
 63492 | Slime:3  | Found a corrupted altar of Lugonu.
 64462 | Slime:5  | Entered Level 5 of the Pits of Slime
 64507 | Slime:4  | Gained mutation: Your magical capacity is low. (-10% MP) [a
                  | shining eye]
 64547 | Slime:5  | Received a gift from Trog
 64783 | Slime:5  | Noticed the Royal Jelly
 64812 | Slime:5  | Gained mutation: You are dopey. (Int -2) [a shining eye]
 64896 | Slime:5  | Found a viscous altar of Jiyva.
 65069 | Slime:5  | Reached skill level 10 in Stealth
 65192 | Slime:5  | Gained mutation: You tend to lose your temper in combat. [a
                  | shining eye]
 65490 | Slime:5  | Killed the Royal Jelly
 65681 | Slime:5  | Identified the +1 scythe "Dragonbane" {vorpal, *Slow rN+++
                  | Dex+6}
 65687 | Slime:5  | Got a slimy rune of Zot
 65739 | Slime:5  | Identified the +2 hand axe of the Enemy {elec, Will+}
 65790 | Slime:5  | Lost mutation: You are clumsy. (Dex -2) [potion of
                  | mutation]
 65790 | Slime:5  | Lost mutation: Your magical capacity is low. (-10% MP)
                  | [potion of mutation]
 65791 | Slime:5  | Lost mutation: Your spells are a little easier to cast, but
                  | a little less powerful. [potion of mutation]
 65791 | Slime:5  | Lost mutation: You are dopey. (Int -2) [potion of mutation]
 65791 | Slime:5  | Lost mutation: You have large cloven feet. [potion of
                  | mutation]
 65791 | Slime:5  | Gained mutation: You are partially covered in iridescent
                  | scales. (AC +2) [potion of mutation]
 65791 | Slime:5  | Gained mutation: Armour fits poorly on your strangely
                  | shaped body. [potion of mutation]
 65791 | Slime:5  | Gained mutation: You are agile. (Dex +2) [potion of
                  | mutation]
 65792 | Slime:5  | Lost mutation: Armour fits poorly on your strangely shaped
                  | body. [potion of mutation]
 65792 | Slime:5  | Lost mutation: You expend magic power (3 MP) to strengthen
                  | your wands. [potion of mutation]
 65792 | Slime:5  | Lost mutation: You tend to lose your temper in combat.
                  | [potion of mutation]
 65792 | Slime:5  | Lost mutation: You are agile. (Dex +2) [potion of mutation]
 65792 | Slime:5  | Gained mutation: A frigid envelope surrounds you and
                  | freezes all who hurt you. [potion of mutation]
 65792 | Slime:5  | Gained mutation: Your flesh is cold resistant. (rC+)
                  | [potion of mutation]
 66091 | Temple   | Fell from the grace of Trog
 66091 | Temple   | Became a worshipper of the Shining One
 66300 | Crypt:1  | Entered Level 1 of the Crypt
 66338 | Crypt:1  | Reached * piety under the Shining One
 66368 | Crypt:1  | Reached ** piety under the Shining One
 66399 | Crypt:1  | Reached XP level 27. HP: 170/170 MP: 23/23
 66431 | Crypt:1  | Reached *** piety under the Shining One
 66444 | Crypt:1  | Identified the +1 shadow dragon scales "Itemeyr" {-Cast
                  | Str+5 Stlth++++}
 66550 | Crypt:1  | Reached **** piety under the Shining One
 66718 | Crypt:1  | Found an ancient bone altar of Kikubaaqudgha.
 66739 | Crypt:1  | Identified the +6 bardiche of Terror {freeze, rF+ rCorr}
 66740 | Crypt:1  | Identified the +3 war axe "Hagai" {freeze, Will+}
 66830 | Crypt:1  | Reached ***** piety under the Shining One
 67301 | Crypt:2  | Reached ****** piety under the Shining One
 67329 | Crypt:2  | Identified a +9 executioner's axe of holy wrath (a +9
                  | executioner's axe of flaming blessed by the Shining One)
 67329 | Crypt:2  | Received a gift from the Shining One
 68235 | Crypt:3  | Entered Level 3 of the Crypt
 68299 | Crypt:3  | Reached skill level 1 in Invocations
 68479 | Crypt:3  | Noticed Boris
 68522 | Crypt:3  | Killed Boris
 68670 | Crypt:3  | Found the +9 heavy crossbow "Sniper" {vorpal, Acc+∞ SInv}
 68938 | Crypt:3  | Noticed Khufu
 68940 | Crypt:3  | Noticed a royal mummy
 68951 | Crypt:3  | Killed Khufu
 68954 | Crypt:3  | Killed a royal mummy
 69673 | Crypt:3  | Found a staircase to the Tomb.
 69743 | Crypt:3  | Found a basalt altar of Yredelemnul.
 70184 | Crypt:3  | Found the +3 pair of gauntlets of War {Slay+5}
 70193 | Crypt:3  | Reached skill level 5 in Invocations
 70669 | D:14     | Got Sif Muna's Disquisition on Earthen Poisoning
 70793 | Hell     | Entered the Vestibule of Hell
 70793 | Hell     | Noticed Geryon
 70800 | Hell     | Killed Geryon
 70819 | Hell     | Found a gateway to the ashen valley of Gehenna.
 71073 | Hell     | Noticed Murray
 71082 | Hell     | Killed Murray
 71120 | Hell     | Found a gateway to the freezing wastes of Cocytus.
 71238 | Hell     | Found a gateway to the decaying netherworld of Tartarus.
 71470 | Hell     | Found a gateway to the Iron City of Dis.
 71515 | Dis:1    | Entered Level 1 of the Iron City of Dis
 71515 | Dis:1    | Noticed a dread lich
 72043 | Hell     | Killed a dread lich
 72504 | Dis:2    | Gained mutation: You do not regenerate when monsters are
                  | visible. [mutagenic glow]
 72524 | Dis:2    | Gained mutation: Your magical capacity is low. (-10% MP)
                  | [mutagenic glow]
 72549 | Dis:2    | Gained mutation: You are weak. (Str -2) [mutagenic glow]
 72827 | Dis:3    | Noticed an ancient lich
 72832 | Dis:3    | Killed an ancient lich
 73867 | Pan      | Entered Pandemonium
 73923 | Pan      | Reached skill level 10 in Invocations
 74201 | Pan      | Noticed Hochut the pandemonium lord
 74216 | Pan      | Killed Hochut the pandemonium lord
 74242 | Pan      | Got a demonic rune of Zot
 74441 | Pan      | Lost mutation: You are partially covered in iridescent
                  | scales. (AC +2) [potion of mutation]
 74441 | Pan      | Lost mutation: A frigid envelope surrounds you and freezes
                  | all who hurt you. [potion of mutation]
 74441 | Pan      | Gained mutation: You are partially covered in iridescent
                  | scales. (AC +2) [potion of mutation]
 74442 | Pan      | Lost mutation: You are partially covered in iridescent
                  | scales. (AC +2) [potion of mutation]
 74442 | Pan      | Lost mutation: You are frail. (-10% HP) [potion of
                  | mutation]
 74442 | Pan      | Lost mutation: Your flesh is cold resistant. (rC+) [potion
                  | of mutation]
 74442 | Pan      | Lost mutation: You are weak. (Str -2) [potion of mutation]
 74442 | Pan      | Gained mutation: You are partially covered in iridescent
                  | scales. (AC +2) [potion of mutation]
 74442 | Pan      | Gained mutation: You are clumsy. (Dex -2) [potion of
                  | mutation]
 74442 | Pan      | Gained mutation: You have a somewhat thin skeletal
                  | structure. (Dex +2, Stealth+) [potion of mutation]
 74451 | Pan      | Found an exit through the horrors of the Abyss.
 74678 | Pan      | Noticed Giegh the pandemonium lord
 74689 | Pan      | Killed Giegh the pandemonium lord
 75354 | Pan      | Noticed Pamuve the pandemonium lord
 75402 | Pan      | Killed Pamuve the pandemonium lord
 75639 | Pan      | Was forgiven by Trog
 75768 | Pan      | Noticed Lami the pandemonium lord
 75776 | Pan      | Killed Lami the pandemonium lord
 75777 | Pan      | Reached skill level 15 in Invocations
 77252 | Pan      | Entered the realm of Lom Lobon.
 77711 | Pan      | Lost mutation: You are clumsy. (Dex -2) [potion of
                  | mutation]
 77711 | Pan      | Lost mutation: You do not regenerate when monsters are
                  | visible. [potion of mutation]
 77711 | Pan      | Gained mutation: You are covered in fur. (AC +1) [potion of
                  | mutation]
 77711 | Pan      | Gained mutation: Your movements are slightly less
                  | encumbered by armour. (ER -2) [potion of mutation]
 77711 | Pan      | Gained mutation: Your muscles are strong. (Str +2) [potion
                  | of mutation]
 77711 | Pan      | Gained mutation: You are covered in thick fur. (AC +2)
                  | [potion of mutation]
 78249 | Pan      | Noticed Lom Lobon
 78262 | Pan      | Killed Lom Lobon
 78297 | Pan      | Got a magical rune of Zot
 78752 | Pan      | Found an exit through the horrors of the Abyss.
 78869 | Pan      | Noticed Meloy the pandemonium lord
 78910 | Pan      | Entered the realm of Cerebov.
 78915 | Pan      | Found an exit through the horrors of the Abyss.
 79569 | Pan      | Identified the +5 great mace "Diag" {speed, +Blink rC-
                  | Int+2}
 79569 | Pan      | Identified the ring of Vourrac {MP+9 Stlth+}
 79671 | Pan      | Found the +6 sword of Cerebov {flame}
 79671 | Pan      | Noticed Cerebov
 79789 | Pan      | Identified the +0 leather armour of Context {Str+2 Int+2}
 79822 | Pan      | Identified the +2 cloak of Pamaog {Int+5 SInv Stlth-}
 79881 | Pan      | Identified the +4 dire flail of the Immovable Allies
                  | {drain, rC+ Str+2 Int+4}
 79990 | Pan      | Killed Cerebov
 80001 | Pan      | Got a fiery rune of Zot
 80038 | Pan      | Identified the +8 mace of Purpose {flame, rElec Str+4
                  | Dex+4}
 80074 | Pan      | Got Sif Muna's Compendium of Ignition and Translocation
 80087 | Pan      | Learned a level 1 spell: Apportation
 80087 | Pan      | Identified the +1 scale mail "Kyvov" {+Blink rPois Dex-2
                  | Stlth+}
 80111 | Pan      | Identified the +6 trident of Paidoup {antimagic, *Noise
                  | rElec Stlth+}
 80208 | Pan      | Noticed Zehar the pandemonium lord
 80226 | Pan      | Entered the realm of Gloorx Vloq.
 81161 | Pan      | Noticed Gloorx Vloq
 81178 | Pan      | Killed Gloorx Vloq
 81262 | Pan      | Got a dark rune of Zot
 81366 | Pan      | Entered the realm of Mnoleg.
 81656 | Pan      | Found an exit through the horrors of the Abyss.
 81697 | Pan      | Gained mutation: Armour fits poorly on your strangely
                  | shaped body. [a neqoxec]
 81701 | Pan      | Reached skill level 27 in Axes
 81799 | Pan      | Gained mutation: You do not regenerate when monsters are
                  | visible. [a neqoxec]
 81842 | Pan      | Gained mutation: Your body sometimes deteriorates upon
                  | taking damage. [a neqoxec]
 81943 | Pan      | Gained mutation: Your body often deteriorates upon taking
                  | damage. [a neqoxec]
 81957 | Pan      | Gained mutation: You tend to lose your temper in combat. [a
                  | shining eye]
 81962 | Pan      | Gained mutation: You are clumsy. (Dex -2) [a shining eye]
 82006 | Pan      | Gained mutation: Your magical capacity is very low. (-20%
                  | MP) [a neqoxec]
 82013 | Pan      | Gained mutation: You often lose your temper in combat. [a
                  | neqoxec]
 82025 | Pan      | Reached skill level 27 in Fighting
 82037 | Pan      | Paralysed by a floating eye for 2 turns
 82051 | Pan      | Lost mutation: Your body often deteriorates upon taking
                  | damage. [potion of mutation]
 82051 | Pan      | Lost mutation: You do not regenerate when monsters are
                  | visible. [potion of mutation]
 82051 | Pan      | Lost mutation: Your muscles are strong. (Str +2) [potion of
                  | mutation]
 82051 | Pan      | Gained mutation: You have hidden genetic potential. [potion
                  | of mutation]
 82084 | Pan      | Gained mutation: You are very clumsy. (Dex -4) [a neqoxec]
 82124 | Pan      | Gained mutation: You sometimes lose the ability to read
                  | scrolls when taking damage. [a cacodemon]
 82128 | Pan      | Gained mutation: You have an uncontrollable temper. [a
                  | cacodemon]
 82150 | Pan      | Paralysed by a floating eye for 2 turns
 82246 | Pan      | Gained mutation: Your body often deteriorates upon taking
                  | damage. [a neqoxec]
 82247 | Pan      | Gained mutation: You occasionally shout uncontrollably at
                  | your foes. [a neqoxec]
 82254 | Pan      | Gained mutation: You are dopey. (Int -2) [a neqoxec]
 82265 | Pan      | Gained mutation: Potions are less effective at restoring
                  | your health. [a cacodemon]
 82321 | Pan      | Gained mutation: You are weak. (Str -2) [a cacodemon]
 82330 | Pan      | Noticed Mnoleg
 82339 | Pan      | Killed Mnoleg
 82416 | Pan      | Got the Catalogue of Dusty Arcane Weapons
 82468 | Pan      | Identified the ring "Jaseudia" {rC+ Dex+4}
 82522 | Pan      | Got a glowing rune of Zot
 82556 | Pan      | Lost mutation: You are dopey. (Int -2) [potion of mutation]
 82556 | Pan      | Lost mutation: Your body often deteriorates upon taking
                  | damage. [potion of mutation]
 82556 | Pan      | Gained mutation: You passively map a small area around you.
                  | [potion of mutation]
 82557 | Pan      | Lost mutation: You are covered in thick fur. (AC +2)
                  | [potion of mutation]
 82557 | Pan      | Lost mutation: You sometimes lose the ability to read
                  | scrolls when taking damage. [potion of mutation]
 82557 | Pan      | Lost mutation: Your movements are slightly less encumbered
                  | by armour. (ER -2) [potion of mutation]
 82557 | Pan      | Lost mutation: You passively map a small area around you.
                  | [potion of mutation]
 82557 | Pan      | Lost mutation: You have hidden genetic potential. [potion
                  | of mutation]
 82558 | Pan      | Lost mutation: You are weak. (Str -2) [potion of mutation]
 82558 | Pan      | Lost mutation: You are covered in fur. (AC +1) [potion of
                  | mutation]
 82558 | Pan      | Lost mutation: Your body sometimes deteriorates upon taking
                  | damage. [potion of mutation]
 82558 | Pan      | Lost mutation: You are partially covered in iridescent
                  | scales. (AC +2) [potion of mutation]
 82558 | Pan      | Lost mutation: Your magical capacity is very low. (-20% MP)
                  | [potion of mutation]
 82559 | Pan      | Lost mutation: Your magical capacity is low. (-10% MP)
                  | [potion of mutation]
 82559 | Pan      | Lost mutation: You have an uncontrollable temper. [potion
                  | of mutation]
 82559 | Pan      | Lost mutation: You often lose your temper in combat.
                  | [potion of mutation]
 82559 | Pan      | Gained mutation: Your spells are a little easier to cast,
                  | but a little less powerful. [potion of mutation]
 82560 | Pan      | Lost mutation: You have a somewhat thin skeletal structure.
                  | (Dex +2, Stealth+) [potion of mutation]
 82560 | Pan      | Lost mutation: Potions are less effective at restoring your
                  | health. [potion of mutation]
 82560 | Pan      | Gained mutation: You passively map a small area around you.
                  | [potion of mutation]
 82561 | Pan      | Lost mutation: Your spells are a little easier to cast, but
                  | a little less powerful. [potion of mutation]
 82561 | Pan      | Lost mutation: You occasionally shout uncontrollably at
                  | your foes. [potion of mutation]
 82561 | Pan      | Lost mutation: You passively map a small area around you.
                  | [potion of mutation]
 82634 | Pan      | Lost mutation: You are very clumsy. (Dex -4) [potion of
                  | mutation]
 82634 | Pan      | Lost mutation: Armour fits poorly on your strangely shaped
                  | body. [potion of mutation]
 82634 | Pan      | Lost mutation: You tend to lose your temper in combat.
                  | [potion of mutation]
 82634 | Pan      | Gained mutation: You have a pair of small horns on your
                  | head. [potion of mutation]
 82713 | Pan      | Found an exit through the horrors of the Abyss.
 82784 | Pan      | Took an exit into the Abyss.
 82784 | Abyss:1  | Escaped into the Abyss
 82965 | Abyss:2  | Found a corrupted altar of Lugonu.
 82974 | Abyss:2  | Found a corrupted altar of Lugonu.
 83313 | Abyss:4  | Gained mutation: You are weak. (Str -2) [a neqoxec]
 83548 | Abyss:5  | Entered Level 5 of the Abyss
 83959 | Abyss:5  | Noticed an ancient lich
 83966 | Abyss:5  | Killed an ancient lich
 84012 | Abyss:5  | Gained mutation: You are partially covered in large bone
                  | plates. (SH +4) [a neqoxec]
 84478 | Abyss:5  | Paralysed by accursed screaming for 1 turns
 84659 | Abyss:5  | Found a glowing golden altar of the Shining One.
 84678 | Abyss:5  | Noticed a juggernaut
 84687 | Abyss:5  | Killed a juggernaut
 84705 | Abyss:5  | Got an abyssal rune of Zot
 84745 | Depths:1 | Escaped the Abyss
 85429 | Dis:5    | Noticed an ancient lich
 85429 | Dis:5    | Noticed an ancient lich
 85429 | Dis:5    | Noticed a dread lich
 85434 | Dis:5    | Killed an ancient lich
 85437 | Hell     | Killed an ancient lich
 85441 | Hell     | Killed a dread lich
 86439 | Dis:7    | Entered Level 7 of the Iron City of Dis
 87608 | Dis:7    | Reached skill level 27 in Armour
 88331 | Dis:7    | Found the +4 staff of Dispater
 88331 | Dis:7    | Noticed Dispater
 88347 | Dis:7    | Killed Dispater
 88537 | Dis:7    | Identified the +5 battleaxe of the Purple Skies {venom, rF+
                  | Will+ Str+4}
 88540 | Dis:7    | Got Golubria's Reference Book on the Voyage
 88547 | Dis:7    | Learned a level 5 spell: Manifold Assault
 88595 | Dis:7    | Found the +8 demon blade "Leech" {vamp, Harm Drain rN+}
 88595 | Dis:7    | Found the +3 sling "Punk" {acid, rCorr}
 88612 | Dis:7    | Identified the +6 broad axe of Demonic Conscience {protect,
                  | Will++}
 88652 | Dis:7    | Reached skill level 1 in Translocations
 88780 | Dis:7    | Got an iron rune of Zot
 88936 | Geh:1    | Entered Level 1 of Gehenna
 89319 | Geh:2    | Noticed an ancient lich
 89327 | Geh:2    | Killed an ancient lich
 89669 | Geh:3    | Reached skill level 5 in Translocations
 90324 | Geh:4    | Found a basalt altar of Yredelemnul.
 90536 | Geh:5    | Reached skill level 10 in Spellcasting
 91269 | Geh:7    | Entered Level 7 of Gehenna
 91691 | Geh:7    | Noticed the Serpent of Hell
 92518 | Geh:7    | Killed the Serpent of Hell
 92911 | Geh:7    | Reached skill level 10 in Translocations
 92972 | Geh:7    | Identified the +7 short sword of Prudence {freeze, rF+++
                  | rC- Str+5}
 93009 | Geh:7    | Got Sif Muna's Grimoire of Fetching Conjuration
 93013 | Geh:7    | Identified the +3 falchion of Overwhelming Force {venom,
                  | Fragile rElec rN+}
 93237 | Geh:7    | Found the +7 sceptre of Asmodeus
 93237 | Geh:7    | Noticed Asmodeus
 93256 | Geh:7    | Killed Asmodeus
 93286 | Geh:7    | Got an obsidian rune of Zot
 93473 | Tar:1    | Entered Level 1 of Tartarus
 93883 | Tar:3    | Noticed an ancient lich
 93884 | Tar:3    | Noticed a dread lich
 93886 | Tar:3    | Noticed a dread lich
 93889 | Tar:3    | Noticed an ancient lich
 93891 | Tar:3    | Killed an ancient lich
 93892 | Tar:3    | Killed a dread lich
 93894 | Tar:3    | Noticed a dread lich
 93895 | Tar:3    | Noticed an ancient lich
 93897 | Tar:3    | Killed a dread lich
 93897 | Tar:3    | Noticed a dread lich
 93898 | Tar:3    | Noticed an ancient lich
 93904 | Tar:3    | Killed an ancient lich
 93906 | Tar:3    | Killed an ancient lich
 93912 | Tar:3    | Killed a dread lich
 93913 | Tar:3    | Paralysed by a dread lich for 7 turns
 93916 | Tar:3    | HP: 8/199 [reaper/+1 scythe of protection[a dread lich]
                  | (17)]
 93916 | Tar:3    | Slain by a Tzitzimitl

Illustrated notes

Levels and vault maps discovered:
D:1:      minmay_arrival_four_houses, layout_loops_ring,
          dreamdust_ecumenical_altar_statues, minmay_tromino_v4_c
D:2:      layout_basic
D:3:      layout_loops_ring, mainiacjoe_overflow_six_doors_small,
          gup_sewer_entry_bubbles, gammafunk_ghost_cemetery, nrook_uturn,
          uniq_jessica
D:4:      cheibrodos_fertilizer, layout_loops_ring, zin_scriptorium,
          nicolae_hepliaklqana_monster_ancestors
D:5:      layout_loops_ring, lemuel_coloured_pillars_altar, tgw_kikubaaqudgha
D:6:      layout_basic, st_stairs_7, uniq_eustachio, uniq_maggie, uniq_edmund,
          uniq_grinder, uniq_duvessa
D:7:      layout_loops_ring, nicolae_ru_sacrificial_ziggurat,
          nicolae_gozag_cash_rules_everything_around_me,
          minmay_temple_entry_overgrown, glass_columns_a, minivault_5,
          uniq_harold
D:8:      layout_loops_ring, mainiacjoe_overflow_small_starburst,
          lair_entry_dummy, grunt_tough_drop
D:9:      layout_stronghold, nicolae_overflow_crystal_walls,
          gammafunk_ghost_cemetery, minmay_quadrilaterals, uniq_grum
D:10:     statuecave_lemuel, layout_basic, yredelemnul_altar_generic,
          mainiacjoe_overflow_surrounded_room, nicolae_overflow_hidden_temple,
          serial_corexii_hall, corexii_hall_statues_l, chequers_hall_statues_y,
          corexii_hall_statues_i, chequers_hall_statues_corner_a,
          corexii_hall_statues_u, corexii_hall_statues_t, serial_shops,
          kennysheep_little_box, gammafunk_ghost_hive, uniq_sonja, uniq_urug
D:11:     layout_layer_cave, portal_ice_cave_rime
D:12:     layout_rooms, orc_0_dummy
D:13:     layout_loops_corners, serial_shops, nicolae_shop_statue_plus,
          uniq_maurice
D:14:     minmay_the_grid_4x2 [minmay_the_grid_broken_lines,
          minmay_the_grid_aliased_spiral, minmay_the_grid_all_tris,
          minmay_the_grid_plusring, minmay_the_grid_outer_circle,
          minmay_the_grid_odd_star, minmay_the_grid_rooms,
          minmay_the_grid_prize_diamond_cup], layout_gridville,
          nicolae_trove_entry_columns, gauntlet_entry_generic,
          amethyst_killhole, minmay_misc_feat_room
D:15:     grunt_enter_depths_snipers, layout_cross
Temple:   compressed_dpeg_circular_temple
Lair:1:   layout_small_grid, grunt_megastairs_4
Lair:2:   layout_cave_pods, nicolae_spider_entry_orb_guardian, uniq_gastronok
Lair:3:   layout_long_grid, shoals_dummy_entry, serial_bayou_shore_a
Lair:4:   layout_cave_pods, roderic_batcave, grunt_megastairs_3
Lair:5:   layout_loops_ring, nicolae_volcano_entry_s_turn, lemuel_fruit_fields,
          lemuel_fruit_tree
Lair:6:   grunt_lair_end_beastmaster, layout_long_grid,
          nicolae_slime_entry_slimehenge, bh_autumn_forest_stairs
Shoals:1: layout_shoals, uniq_louise
Shoals:2: layout_shoals, nicolae_shoals_this_corrosion
Shoals:3: layout_shoals, serial_shops, nicolae_shop_bloodbath_and_beyond,
          st_cyclops, uniq_mara
Shoals:4: shoals_end_hangedman, layout_shoals, uniq_bai_suzhen
Spider:1: layout_cave_pods
Spider:2: layout_spider_delve, nicolae_spider_twisty_arc_passages
Spider:3: nicolae_spider_mines_1, hellmonk_ghost_happy_afterlife,
          nicolae_spider_cling_halls
Spider:4: floodkiller_spider_rune_tomb
Slime:1:  layout_caves, nicolae_slime_barrier
Slime:2:  layout_caves
Slime:3:  layout_caves, amcnicky_altar_lugonu_corruption
Slime:4:  layout_caves
Slime:5
Orc:1:    layout_caves
Orc:2:    st_orc_pillars, layout_caves, nicolae_shop_overcharged_wands,
          uniq_nessos
Elf:1:    eino_elf_arrival_customs, layout_gridlike, minmay_elf_annihilation,
          minmay_shop_grove, grunt_megastairs_1
Elf:2:    nicolae_elf_blades_crystal_corner, layout_geoelf_octagon
Elf:3:    elf_hall_gauntlet_wide, layout_onion_city, gammafunk_ghost_split,
          serial_shops, bzr_entry_islet, hangedman_elf_targetted_burst,
          minmay_shoptagon
Vaults:1: kb_rosetta, vaults_room_octagon, nicolae_vaults_little_squares_4,
          vaults_room_boxed, v_pattern_3, vaults_mumra_hex,
          nicolae_vaults_border_crossing, nicolae_vaults_little_squares_2,
          v_misc_27, hangedman_vaults_nails, nicolae_vaults_shelves_hall,
          nicolae_vaults_theta, vaults_dpeg_diagonal, layout_vaults_omnicross,
          serial_shops, nicolae_diamond_shop, uniq_saint_roka, uniq_asterion
Vaults:2: hangedman_vaults_corner_blocks, dpeg_vaults_monster_row, v_pattern_1,
          v_misc_29, v_misc_29, nicolae_vaults_rhombus_7,
          nicolae_vaults_shelves_hall, hangedman_vaults_unwind,
          grunt_vaults_hallway_short, layout_vaults_omnigrid,
          minmay_crypt_entry_necro_gods
Vaults:3: vaults_dpeg_encased_lava, nicolae_vaults_little_squares_4, v_misc_2,
          nicolae_vaults_what_the_h, nicolae_vaults_sealed_display,
          hangedman_vaults_nails, nicolae_vaults_rhombus_7, vaults_dpeg_cross,
          v_alt_pattern_2, hangedman_vaults_corner, layout_vaults_big_room,
          serial_shops, nicolae_shop_hallway_plus, shop
Vaults:4: ontoclasm_vaults_tryst, v_misc_12, v_misc_14, v_misc_13, v_misc_33,
          nicolae_vaults_mini_display_case, v_pattern_4, grunt_vaults_swirl,
          nicolae_vaults_big_angled_halls, v_rooms_3, st_smaller_cells,
          layout_vaults_maze
Vaults:5
Crypt:1:  lemuel_vampire_tower, layout_gridlike
Crypt:2:  layout_chaotic_city, grunt_megastairs_5, lemuel_elevator
Crypt:3:  evilmike_haunted_forest, uniq_khufu, uniq_boris
Depths:1: layout_forbidden_donut, chequers_serial_rivers_room_b, hell_entry,
          pan_entry, hangedman_decor_diamond_cutter, amcnicky_mini_pool_small,
          nrook_kobold_shadow_demons, grunt_megastairs_2
Depths:2: hangedman_spin_cycle, abyss_entry, pan_entry, hell_entry
Depths:3: nicolae_cairo_tiling_large, layout_gridlike, abyss_entry_crystal,
          hell_entry, rand_demon_pan_entry_7, infiniplex_staircase_x
Depths:4: evilmike_zot_entry_hall, layout_honeycomb, enter_ziggurat_a,
          pf_hell_entry_tar_river, rand_demon_pan_entry_3,
          nicolae_abyss_entry_one_way_or_another, minmay_misc_feat_alley
Hell
Dis:1:    layout_jigsaw, evilmike_ambush [evilmike_ambush_outer_basic,
          evilmike_ambush_inner_wall_1]
Dis:2:    layout_regular_city, nicolae_dis_strange_trophy_room
Dis:3:    layout_jigsaw
Dis:4:    layout_regular_city, nicolae_hells_seeping_fissure
Dis:5:    layout_overlapping_boxes, nicolae_dis_liches_on_tour
Dis:6:    hangedman_mysterious_dungeon_monster_house
Dis:7:    iron_city_of_dis [dis_grunt, dis_wall_6], layout_gridville,
          nicolae_dis_grated_feature
Geh:1:    layout_gehenna_pools_basic
Geh:2:    layout_gehenna_pools_basic
Geh:3:    layout_gehenna_lava_caves
Geh:4:    nicolae_geh_seventh_circle, layout_gehenna_pools_box,
          lemuel_hellish_altar
Geh:5:    layout_gehenna_pools_box
Geh:6:    nicolae_hells_demon_pit, layout_gehenna_pools_basic
Geh:7:    evilmike_geh
Tar:1:    layout_grid_maze, nicolae_tar_cuneiform_sun
Tar:2:    layout_honeycomb
Tar:3:    layout_grid_maze, nicolae_hells_leichenhalle
Zot:1:    layout_onion_interference
Zot:2:    layout_onion, grunt_ministairs_14
Zot:3:    layout_basic
Zot:4:    hangedman_orp_of_zott, layout_onion_interference, st_stairs_8,
          grunt_ministairs_3
Zot:5:    layout_cathedral_of_symmetry, grunt_ministairs_14, bh_zot_levy_curve

Skill      XL: |  1  2  3  4  5  6  7  8  9 10 11 12 13 14 15 16 17 18 19 20 21 22 23 24 25 26 27 |
---------------+----------------------------------------------------------------------------------+-----
Axes           | 3 5 6 8 10 11 13 14 15 16 17 18 19 20 21 22 23 24 25 27 | 27.0
Dodging        | 2 3 4 5 7 8 9 10 11 12 13 14 15 16 17 23 | 23.8
Armour         | 3 4 6 7 9 10 12 13 14 15 16 17 18 19 20 21 22 27 | 27.0
Fighting       | 4 5 7 8 10 11 12 13 14 15 16 17 18 19 20 22 23 27 | 27.0
Throwing       | 2 |  2.0
Evocations     | 1 3 6 8 10 12 13 14 15 16 | 16.3
Stealth        | 8 10 | 10.0
Invocations    | 20 | 20.0
Spellcasting   | 13 | 13.5
Translocations | 11 | 11.9

Action                   |  1- 3 |  4- 6 |  7- 9 | 10-12 | 13-15 | 16-18 | 19-21 | 22-24 | 25-27 || total
-------------------------+-------+-------+-------+-------+-------+-------+-------+-------+-------++-------
Melee: Hand axe          |   158 |   178 |   320 |   585 |       |       |       |       |       ||  1241
       Punch             |     1 |     1 |     5 |     9 |       |       |       |       |       ||    16
       Executioner's axe |       |       |     4 |   242 |   963 |  1317 |  1218 |  1459 |  4506 ||  9709
       Trident           |       |       |       |       |       |     5 |       |       |       ||     5
       Battleaxe         |       |       |       |       |       |       |       |       |   621 ||   621
       Headbutt          |       |       |       |       |       |       |       |       |   685 ||   685
Throw: Dart              |       |       |     4 |     3 |       |       |       |       |       ||     7
Invok: Berserk           |     1 |     4 |     7 |     7 |     4 |       |     1 |     3 |     3 ||    30
       Trog's Hand       |       |     2 |     5 |     3 |     1 |     1 |     1 |     5 |     1 ||    19
       Brothers in Arms  |       |       |       |       |       |       |     1 |     1 |       ||     2
       Summon Divine War |       |       |       |       |       |       |       |       |    17 ||    17
       Divine Shield     |       |       |       |       |       |       |       |       |     9 ||     9
       Cleansing Flame   |       |       |       |       |       |       |       |       |     5 ||     5
       Brand Weapon With |       |       |       |       |       |       |       |       |     1 ||     1
Evoke: Wand              |       |       |       |     3 |       |     1 |    11 |     4 |    15 ||    34
       Phantom mirror    |       |       |       |       |       |       |       |       |     2 ||     2
       Condenser vane    |       |       |       |       |       |       |       |       |     1 ||     1
  Use: Scroll            |     1 |     3 |     3 |    10 |    18 |     5 |     2 |     9 |    18 ||    69
       Potion            |       |       |       |     2 |       |     1 |     5 |     4 |    21 ||    33
 Stab: Distracted        |       |       |       |       |       |       |     2 |     2 |     1 ||     5
       Invisible         |       |       |       |       |       |       |       |     8 |       ||     8
Armor: Animal skin       |    65 |    21 |       |       |       |       |       |       |       ||    86
       Leather armour    |       |    20 |       |       |   537 |       |       |       |       ||   557
       Ring mail         |       |     9 |    24 |       |       |       |       |       |       ||    33
       Scale mail        |       |       |   148 |   483 |    72 |       |       |       |       ||   703
       Plate armour      |       |       |       |       |    98 |  1284 |   799 |   673 |       ||  2854
       Gold dragon scale |       |       |       |       |       |       |       |   146 |  3266 ||  3412
Dodge: Dodged            |    95 |    99 |   155 |   418 |   789 |  1067 |   741 |   845 |  3603 ||  7812
Block: Other             |       |       |       |       |       |       |       |       |   226 ||   226
